 Dungeon Crawl Stone Soup version 0.22-a0-897-g1b7a381375 (webtiles) character file.

111 IcyTea the Chiller (level 4, -2/33 HPs)
             Began as a Demonspawn Wanderer on July 31, 2018.
             Slain by a hobgoblin
             ... wielding a +0 club
              (3 damage)
             ... on level 2 of the Dungeon.
             The game lasted 00:09:04 (2051 turns).

IcyTea the Chiller (Demonspawn Wanderer)            Turns: 2051, Time: 00:09:05

Health: -2/33      AC:  4    Str: 13    XL:     4   Next: 62%
Magic:  0/16       EV: 12    Int: 15    God:
Gold:   42         SH:  0    Dex: 11    Spells: 1/7 levels left

rFire    + . .     SeeInvis .   b - +0 spear
rCold    + . .     Gourm    .   (no shield)
rNeg     . . .     Faith    .   o - +2 robe {rC+}
rPois    .         Spirit   .   (no helmet)
rElec    .         Reflect  .   (no cloak)
rCorr    .         Harm     .   (no gloves)
MR       .....                  (no boots)
Stlth    +.........             (no amulet)
HPRegen  0.11/turn              l - ring of magical power
MPRegen  0.15/turn              (no ring)

@: very slightly contaminated, hasted and slowed
A: fire resistance 1, flame cloud immunity
a: no special abilities


You were on level 2 of the Dungeon.
You were very hungry.

You visited 1 branch of the dungeon, and saw 2 of its levels.

You collected 42 gold pieces.

Inventory:

Hand Weapons
 b - a +0 spear (weapon)
Missiles
 k - a throwing net (quivered)
Armour
 o - a +2 robe of cold resistance (worn)
Jewellery
 l - a ring of magical power (left hand)
Wands
 c - a wand of random effects (15)
Scrolls
 d - a scroll of teleportation {unknown}
 i - a scroll of identify
 m - 2 scrolls of remove curse {unknown}
Potions
 a - a potion of degeneration {unknown}
 e - a potion of brilliance {unknown}
 g - a potion of mutation {unknown}
 h - a potion of might {unknown}
 j - a potion of haste
Comestibles
 f - 3 rations


   Skills:
 - Level 2.0 Fighting
 - Level 1.0 Polearms
 - Level 1.7 Dodging
   Level 1.0 Shields
 - Level 2.0 Spellcasting
   Level 1.1 Necromancy
 + Level 3.8 Ice Magic
 - Level 1.0 Evocations


You had one spell level left.
You knew the following spells:

 Your Spells              Type           Power        Failure   Level  Hunger
a - Throw Frost           Conj/Ice       #.....       16%         2    ###....
b - Summon Ice Beast      Ice/Summ       #.......     69%         4    #####..

Your spell library contained the following spells:

 Spells                   Type           Power        Failure   Level  Hunger
 Freeze                   Ice            ##..         4%          1    #......
 Ozocubu's Armour         Chrm/Ice       #.......     30%         3    ###....
 Throw Icicle             Conj/Ice       #.......     69%         4    #####..


Dungeon Overview and Level Annotations

Branches:
Dungeon (2/15)

Altars:
Ashenzari
Dithmenos
Gozag
Hepliaklqana
Zin


Innate Abilities, Weirdness & Mutations

Your flesh is heat resistant. (rF+)
You are immune to clouds of flame.


Message History

* * * LOW HITPOINT WARNING * * *
A frilled lizard comes into view.
The adder hisses angrily.
The frilled lizard hisses angrily.
You see here an adder corpse.
Casting: Throw Frost (safe; 16% risk of failure)
Confirm with . or Enter, or press ? or * to list all spells.
Aiming: Throw Frost (safe; 16% risk of failure)
Press: ? - help, Shift-Dir - straight line, f/p - Natasha
Aim: Natasha (almost dead)
The puff of frost hits Natasha.
You kill Natasha!
Natasha screams in pain as she dies!
The crimson imp disappears in a puff of smoke!
The hobgoblin hits you with a club.
* * * LOW HITPOINT WARNING * * *
It was a potion of haste.
You feel yourself speed up. The hobgoblin closely misses you.
The frilled lizard bites you.
* * * LOW HITPOINT WARNING * * *
The hobgoblin hits you with a club.
You die...

._.. .g# ... #. ........
..###..# +. .... ...#
#..#..###.. #...
#..##.....##... # #...
............. # #....
#.........##..## #....#
##..._...####.##
#....l##.........##....
#..§..@†.............##
#....S†g##.....##..#...
#......###..#..###.#.##
#....#.##..###..##.#.##
............# #.....#.##
.............#....#.....
................#.#...#.
##########...####.......
##### #####.###


You could see an adder, a hobgoblin and a frilled lizard.

Vanquished Creatures
  Jessica (D:2)
  Natasha (D:2)
  An adder (D:2)
  A worm (D:2)
  7 dart slugs
  6 bats
  4 goblins
  7 hobgoblins
  3 frilled lizards (D:1)
  2 kobolds (D:2)
  3 rats
36 creatures vanquished.

Notes
Turn   | Place    | Note
-------+----------+-------------------------------------------
     0 | D:1      | IcyTea the Demonspawn Wanderer began the quest for the Orb.
     0 | D:1      | IcyTea set off with: a +0 spear, a wand of random effects (15), a +0 robe, a ration
     0 | D:1      | Reached XP level 1. HP: 16/16 MP: 1/1
    28 | D:1      | Found a shattered altar of Ashenzari.
    41 | D:1      | Reached skill level 1 in Spellcasting
   209 | D:1      | Gained mutation: Your flesh is heat resistant. (rF+) [demonic ancestry]
   209 | D:1      | Reached XP level 2. HP: 15/22 MP: 2/4
   218 | D:1      | Learned a level 2 spell: Throw Frost
   633 | D:1      | Reached skill level 2 in Ice Magic
   848 | D:1      | Gained mutation: You are immune to clouds of flame. [demonic ancestry]
   848 | D:1      | Reached XP level 3. HP: 27/27 MP: 2/6
  1628 | D:2      | Found a glowing silver altar of Zin.
  1665 | D:2      | Noticed Jessica
  1687 | D:2      | Killed Jessica
  1687 | D:2      | Reached skill level 3 in Ice Magic
  1687 | D:2      | Reached XP level 4. HP: 15/33 MP: 1/7
  1854 | D:2      | Learned a level 4 spell: Summon Ice Beast
  1896 | D:2      | Found a hazy altar of Hepliaklqana.
  1941 | D:2      | Found a shadowy altar of Dithmenos.
  2031 | D:2      | Found an opulent altar of Gozag.
  2032 | D:2      | Noticed Natasha
  2050 | D:2      | Killed Natasha
  2050 | D:2      | HP: 1/33 [hobgoblin/club (4)]
  2051 | D:2      | Slain by a hobgoblin

Vault maps used:
D:1:      dpeg_arrival_line_fractal, evilmike_ruin_ashenzari
D:2:      overflow_temple_1_default, old_standard_altar, zin_statuary,
          overflow_temple_1_default, first_ration,
          nicolae_dithmenos_shadow_blocks, uniq_terence, uniq_jessica,
          uniq_natasha

Skill      XL: |  1  2  3 |
---------------+----------+-----
Spellcasting   | 1 2 |  2.0
Ice Magic      | 2 3 |  3.8
Fighting       | |  2.0
Polearms       | |  1.0
Dodging        | |  1.7
Shields        | |  1.0
Necromancy     | |  1.1
Evocations     | |  1.0

Action                   |  1- 3 |  4- 6 || total
-------------------------+-------+-------++-------
Melee: Spear             |   102 |    19 ||   121
 Cast: Throw Frost       |    22 |     9 ||    31
  Use: Scroll            |     1 |       ||     1
       Potion            |       |     1 ||     1
  Eat: Chunk             |     4 |     1 ||     5
Armor: Robe              |    15 |     9 ||    24
Dodge: Dodged            |    71 |    18 ||    89

Table legend:
 A = Spawn XP
 B = Non-spawn XP
 C = Spawn XP percentage of total XP
 D = Spawn monster count
 E = Non-spawn monster count
 F = Spawn count percentage of total count
 G = Total turns spent on level
                    A         B        C        D         E        F      G
               +---------+---------+-------+---------+---------+-------+---------
         Total |       0 |     159 |   0.0 |       0 |      36 |   0.0 |  2051
               +---------+---------+-------+---------+---------+-------+---------
           D:1 |       0 |      51 |   0.0 |       0 |      23 |   0.0 |  1431
           D:2 |       0 |     108 |   0.0 |       0 |      13 |   0.0 |   620
               +---------+---------+-------+---------+---------+-------+---------
